 Dungeon Crawl Stone Soup version 0.25-a0-458-g6fc7858b95 (webtiles) character file.

Game seed: 330883449729600952, levelgen mode: deterministic

123 HYDRVS the Ruffian (level 4, 0/45 HPs)
             Began as a Troll Monk on Feb 2, 2020.
             Slain by a bullfrog (6 damage)
             ... on level 3 of the Dungeon.
             The game lasted 00:07:36 (1760 turns).

HYDRVS the Ruffian (Troll Monk)                     Turns: 1760, Time: 00:07:36

Health: 0/45       AC:  6    Str: 19    XL:     4   Next: 80%
Magic:  3/3        EV: 10    Int:  7    God:
Gold:   154        SH:  0    Dex: 12    Spells: 3/3 levels left

rFire    . . .     SeeInvis .     - Unarmed
rCold    . . .     Gourm    +   (no shield)
rNeg     . . .     Faith    .   a - +0 robe
rPois    .         Spirit   .   (helmet restricted)
rElec    .         Reflect  .   (no cloak)
rCorr    .         Harm     .   (gloves unavailable)
MR       .....                  (boots unavailable)
Stlth    ++........             (no amulet)
HPRegen  0.55/turn              (no ring)
MPRegen  0.08/turn              (no ring)

@: no status effects
A: large, unfitting armour, claws 3, fast metabolism 3, gourmand, regeneration
1, shaggy fur 1, tough skin 3
a: no special abilities


You were on level 3 of the Dungeon.
You were very full.

You visited 1 branch of the dungeon, and saw 3 of its levels.

You collected 154 gold pieces.

Inventory:

Armour
 a - a +0 robe (worn)
Jewellery
 c - an uncursed amulet of the gourmand {unknown}
Scrolls
 f - a scroll of fear {unknown}
 h - a scroll of identify {unknown}
 k - a scroll of remove curse {unknown}
 l - a scroll of blinking {unknown}
 n - a scroll of immolation {unknown}
Potions
 d - 2 potions of cancellation {unknown}
 e - a potion of heal wounds {unknown}
 g - 3 potions of lignification {unknown}
 i - a potion of invisibility {unknown}
 m - a potion of curing {unknown}
Comestibles
 b - 7 rations
 j - 18 chunks of flesh


   Skills:
 + Level 3.3 Fighting
 - Level 2.4 Dodging
 - Level 1.0 Stealth
 + Level 4.8 Unarmed Combat


You had 3 spell levels left.
You didn't know any spells.
Your spell library was empty.

Dungeon Overview and Level Annotations

Branches:
Dungeon (3/15)

Altars:


Innate Abilities, Weirdness & Mutations

You are too large for most types of armour.
You have claws for hands.
Your metabolism is lightning-fast.
You like to eat raw meat.
Your natural rate of healing is unusually fast.
You are covered in fur. (AC +1)
You have extremely tough skin. (AC +3)


Message History

There is an open door here.
The bullfrog hits you. The bullfrog hits you. The bullfrog closely misses you.
The bullfrog hits you.
Okay, then.
The bullfrog barely misses you. The bullfrog hits you!
* * * LOW HITPOINT WARNING * * *
The bullfrog hits you.
* * * LOW HITPOINT WARNING * * *
The bullfrog hits you.
* * * LOW HITPOINT WARNING * * *
The bullfrog hits you.
* * * LOW HITPOINT WARNING * * *
The bullfrog barely misses you. The bullfrog hits you.
* * * LOW HITPOINT WARNING * * *
The bullfrog hits you.
You die...

##÷###.#####.....#)##
#..##..##.......##.##
#..#...###.##.....#..#
#.##.##....#..#.#.##..
#. #.##.####.##.#.#...
#. ..#.......##.#...##
#. ###.Y#######.......
## ##F.# ##..####
#@..#######...####
#.................
....###..÷.###.).(
#...###..#### ###.
#.####..## ##.# ##.##
#.. #..# #######.####.##
#..........#.###########


You could see an ice beast and a bullfrog.

Vanquished Creatures
  An orc wizard (D:3)
  3 adders (D:2)
  A worm (D:3)
  A dart slug (D:1)
  A leopard gecko (D:3)
  9 orcs (D:3)
  10 bats
  A giant cockroach (D:1)
  7 goblins
  5 hobgoblins
  6 kobolds
  A quokka (D:2)
  3 frilled lizards
  5 rats
54 creatures vanquished.

Notes
Turn   | Place    | Note
-------+----------+-------------------------------------------
     0 | D:1      | HYDRVS the Troll Monk began the quest for the Orb.
     0 | D:1      | Reached XP level 1. HP: 22/22 MP: 0/0
   172 | D:1      | Reached XP level 2. HP: 29/29 MP: 1/1
   802 | D:2      | Reached XP level 3. HP: 32/36 MP: 2/2
  1212 | D:2      | Reached skill level 4 in Unarmed Combat
  1482 | D:3      | Reached XP level 4. HP: 37/45 MP: 3/3
  1709 | D:3      | Noticed a bullfrog
  1711 | D:3      | Noticed an ice beast
  1760 | D:3      | Slain by a bullfrog

Levels and vault maps discovered:
D:1:      dpeg_arrival_castle, layout_basic
D:2:      layout_loops_ring, first_ration
D:3:      layout_rooms, nicolae_overflow_hidden_temple, minmay_door_square,
          uniq_ijyb, uniq_crazy_yiuf_cottage

Skill      XL: |  1  2  3 |
---------------+----------+-----
Fighting       | 3 |  3.3
Unarmed Combat | 4 |  4.8
Dodging        | |  2.4
Stealth        | |  1.0

Action                   |  1- 3 |  4- 6 || total
-------------------------+-------+-------++-------
Melee: Unarmed           |    69 |    50 ||   119
       Punch             |       |     1 ||     1
 Stab: Sleeping          |     5 |       ||     5
  Eat: Chunk             |    19 |     2 ||    21
Armor: Robe              |    23 |    27 ||    50
Dodge: Dodged            |    25 |    44 ||    69

Table legend:
 A = Non-vault XP
 B = Vault XP
 C = Vault XP percentage of total XP
 D = Non-vault monster count
 E = Vault monster count
 F = Vault count percentage of total count
                 A         B        C        D         E       F
            +---------+---------+-------+---------+---------+-------
      Total |     177 |       0 |   0.0 |      54 |       0 |   0.0
            +---------+---------+-------+---------+---------+-------
        D:1 |      31 |       0 |   0.0 |      18 |       0 |   0.0
        D:2 |      55 |       0 |   0.0 |      13 |       0 |   0.0
        D:3 |      91 |       0 |   0.0 |      23 |       0 |   0.0
            +---------+---------+-------+---------+---------+-------
